 Dungeon Crawl Stone Soup version 0.23.2-40-g277498a001 (webtiles) character file.

Game seed: 10488556747858690806

110 OrcJesus the Insei (level 4, 0/29 HPs)
             Began as an Octopode Transmuter on Aug 24, 2019.
             Slain by an orc wizard
             ... wielding a cursed -3 dagger
              (2 damage)
             ... on level 3 of the Dungeon.
             The game lasted 00:07:48 (2867 turns).

OrcJesus the Insei (Octopode Transmuter)            Turns: 2867, Time: 00:07:49

Health: 0/29       AC:  1    Str:  9    XL:     4   Next: 91%
Magic:  7/7        EV: 13    Int: 16    God:
Gold:   66         SH:  0    Dex: 12    Spells: 4/7 levels left

rFire    . . .     SeeInvis .     - Unarmed
rCold    . . .     Gourm    .   (no shield)
rNeg     . . .     Faith    .   (helmet restricted)
rPois    .         Spirit   .   (no amulet)
rElec    .         Reflect  .   (no ring)
rCorr    .         Harm     .   (no ring)
MR       .....                  (no ring)
Stlth    +++.......             (no ring)
HPRegen  0.09/turn              (no ring)
MPRegen  0.10/turn              (no ring)
                                (no ring)
                                (no ring)

@: appendage (expiring), very slightly contaminated
A: almost no armour, stealthy swim, amphibious, 8 rings, constrict 8, tentacle
spike 3, camouflage 1, gelatinous body 1
a: End Transformation


You were on level 3 of the Dungeon.
You were not hungry.
One of your tentacles had a temporary spike.
You visited 1 branch of the dungeon, and saw 3 of its levels.

You collected 66 gold pieces.

Inventory:

Missiles
 a - 12 arrows
Wands
 g - a wand of polymorph (7)
Scrolls
 b - 5 scrolls of identify {unknown}
 d - a scroll of noise {unknown}
 e - 6 scrolls of remove curse {unknown}
Comestibles
 c - 7 rations
 f - 3 chunks of flesh


   Skills:
 - Level 2.0 Fighting
 - Level 2.0 Dodging
 + Level 4.0 Stealth
 + Level 4.1 Unarmed Combat
 - Level 2.0 Spellcasting
 - Level 2.0 Transmutations


You had 4 spell levels left.
You knew the following spells:

 Your Spells              Type           Power        Failure   Level  Hunger
a - Beastly Appendage     Tmut           #.....       9%          1    #......
w - Sticks to Snakes      Tmut           #.......     14%         2    ###....

Your spell library contained the following spells:

 Spells                   Type           Power        Failure   Level  Hunger
 Spider Form              Tmut/Pois      #.........   38%         3    ###....
 Ice Form                 Ice/Tmut       #.......     80%         4    #####..
 Blade Hands              Tmut           #.........   94%         5    ######.


Dungeon Overview and Level Annotations

Branches:
Dungeon (3/15)

Altars:
Xom


Innate Abilities, Weirdness & Mutations

You cannot wear most types of armour.
You are very stealthy in the water. (Stealth+)
You are amphibious.
You can wear up to eight rings at the same time.
You can use your tentacles to constrict eight enemies at once.
Your skin changes colour to match your surroundings (Stealth+).
Your rubbery body absorbs attacks. (AC +1, EV +1)
One of your tentacles bears a large vicious spike.


Message History

The orc wizard hits you with a +0 dagger.
* * * LOW HITPOINT WARNING * * *
You closely miss the orc wizard. Your grab misses the orc wizard.
You constrict the orc wizard.
You constrict the orc wizard, but do no damage.
The orc wizard barely misses you.
The orc wizard hits you with a cursed -3 dagger.
* * * LOW HITPOINT WARNING * * *
The orc wizard hits you with a +0 dagger.
* * * LOW HITPOINT WARNING * * *
Evoke which item? (* to show all) (? for menu, Esc to quit)
Okay, then.
You aren't carrying any potions.
As you read the scroll labeled JONYTYI HIMINO, it crumbles to dust.
It is a scroll of amnesia.
Okay, then.
You constrict the orc wizard. x2; The orc wizard barely misses you.
The orc wizard hits you but does no damage.
The orc wizard hits you with a cursed -3 dagger.
You die...

#.....###...
####.o.........
.......#..####.
...o...#..##..
..o..o.'..##.# .#..
.g.oo..#..##.# .#.
.......#..##.# ..
########..##o###.#.####
#.....@oo........
#.#####o####..#
#.##..........#
#.##.####.#.#.# #.#.
...#.# #.#########.#>#
#.........)...#
##......###.#.#
#..<...# #+#+#


You could see 3 orc wizards and an orc.

Vanquished Creatures
  An orc priest (D:3)
  3 adders
  An ooze (D:2)
  2 dart slugs (D:1)
  A leopard gecko (D:1)
  2 giant cockroaches (D:2)
  3 goblins (D:1)
  6 hobgoblins
  4 jackals (D:2)
  5 kobolds
  2 ball pythons (D:3)
  7 bats
  4 frilled lizards
  5 rats (D:1)
46 creatures vanquished.

Notes
Turn   | Place    | Note
-------+----------+-------------------------------------------
     0 | D:1      | OrcJesus the Octopode Transmuter began the quest for the
                  | Orb.
     0 | D:1      | Reached XP level 1. HP: 13/13 MP: 3/3
   141 | D:1      | Reached skill level 1 in Stealth
   324 | D:1      | Reached XP level 2. HP: 5/18 MP: 1/5
  1219 | D:1      | You fall through a shaft!
  1363 | D:2      | Reached XP level 3. HP: 20/23 MP: 4/6
  2120 | D:2      | Found a shimmering altar of Xom.
  2128 | D:2      | Found a shimmering altar of Xom.
  2142 | D:2      | Found a shimmering altar of Xom.
  2144 | D:2      | Found a shimmering altar of Xom.
  2145 | D:2      | Found a shimmering altar of Xom.
  2159 | D:2      | Found a shimmering altar of Xom.
  2247 | D:2      | Learned a level 2 spell: Sticks to Snakes
  2301 | D:3      | Reached XP level 4. HP: 29/29 MP: 7/7
  2867 | D:3      | Slain by an orc wizard

Skill      XL: |  1  2  3  4 |
---------------+-------------+-----
Stealth        | 2 3 4 |  4.0
Fighting       | 2 |  2.0
Unarmed Combat | 4 |  4.1
Dodging        | |  2.0
Spellcasting   | |  2.0
Transmutations | |  2.0

Action                   |  1- 3 |  4- 6 || total
-------------------------+-------+-------++-------
Melee: Unarmed           |    77 |    31 ||   108
       Constrict         |    22 |     7 ||    29
       Kick              |     9 |     2 ||    11
       Punch             |     4 |     3 ||     7
       Tentacles         |     7 |     7 ||    14
 Cast: Beastly Appendage |    14 |     4 ||    18
  Use: Scroll            |       |     1 ||     1
       Potion            |       |     1 ||     1
 Stab: Sleeping          |     9 |     3 ||    12
       Distracted        |     1 |     1 ||     2
  Eat: Chunk             |     4 |     2 ||     6
Armor: Skin              |     7 |     2 ||     9
Dodge: Dodged            |    24 |    16 ||    40
